Map: Dusk Towers

Players

Desolation

  • Race: Protoss Protoss
  • League: Diamond

MyuNgSiK - Winner!

  • Race: Protoss Protoss

Event: Gauntlet LotV Series 1 Qualifier 2

VOD

Have the link to the VOD?

Description

Time

  • Played on: Dec. 5, 2015, 2:08 p.m.
  • Length: 6:24

All games in this series

Show
View Real Time Build Order
Export as new Build Order

Desolation Protoss 

Build Orders: 1 Gate Expand, Double Forge 

Get SALT Encoding   

  12  0:01  Probe (Chrono Boost)  
  13  0:11  Probe (Chrono Boost)  
  14  0:18  Pylon  
  14  0:22  Probe (Chrono Boost)  
  15  0:36  Probe (Chrono Boost), Gateway  
  16  0:43  Assimilator  
  16  0:47  Probe (Chrono Boost)  
  17  0:57  Probe (Chrono Boost)  
  18  1:08  Probe (Chrono Boost)  
  19  1:18  Probe (Chrono Boost)  
  20  1:33  Assimilator  
  20  1:35  Probe (Chrono Boost)  
  21  1:40  Nexus  
  21  1:47  Cybernetics Core  
  21  1:52  Probe (Chrono Boost)  
  22  1:55  Pylon  
  22  2:03  Probe (Chrono Boost)  
  23  2:13  Zealot  
  23  2:14  Probe (Chrono Boost)  
  26  2:25  Mothership Core (Chrono Boost)  
  28  2:33  Warp Gate  
  28  2:37  Gateway  
  28  2:38  Gateway  
  28  2:43  Probe (Chrono Boost)  
  29  2:53  Probe (Chrono Boost)  
  29  2:57  Probe (Chrono Boost)  
  31  3:04  Probe (Chrono Boost)  
  32  3:06  Assimilator  
  32  3:08  Probe (Chrono Boost)  
  32  3:09  Assimilator  
  33  3:14  Probe (Chrono Boost)  
  33  3:15  Pylon  
  33  3:18  Probe (Chrono Boost)  
  33  3:19  Assimilator  
  35  3:25  Probe (Chrono Boost)  
  34  3:29  Probe (Chrono Boost)  
  33  3:40  Probe (Chrono Boost)  
  33  3:41  Probe (Chrono Boost)  
  33  3:50  Pylon, Stargate  
  33  3:51  Probe x2 (Chrono Boost)  
  35  4:01  Probe (Chrono Boost)  
  35  4:02  Stalker, Probe (Chrono Boost)  
  39  4:10  Stalker  
  39  4:12  Probe x2 (Chrono Boost)  
  43  4:23  Pylon  
  41  4:34  Probe (Chrono Boost)  
  41  4:37  Oracle (Chrono Boost)  
  44  4:40  Probe (Chrono Boost)  
  44  4:45  Probe (Chrono Boost)  
  46  4:50  Probe (Chrono Boost)  
  46  4:51  Forge  
  47  4:54  Forge  
  47  4:55  Probe (Chrono Boost)  
  47  4:59  Probe (Chrono Boost)  
  49  5:07  Probe  
  49  5:09  Probe  
  49  5:11  Robotics Facility  
  51  5:20  Probe  
  52  5:21  Probe  
  52  5:22  Phoenix (Chrono Boost)  
  55  5:32  Probe x2  
  57  5:46  Phoenix (Chrono Boost)  
  57  5:48  Probe  
  60  5:50  Probe  
  60  5:51  Twilight Council  
  60  5:56  Stalker x2  
Show
View Real Time Build Order
Export as new Build Order

MyuNgSiK Protoss - Winner!

Build Orders: 1 Gate Expand, Blink Stalkers 

Get SALT Encoding   

  12  0:01  Probe (Chrono Boost)  
  13  0:12  Probe (Chrono Boost)  
  14  0:17  Pylon  
  14  0:22  Probe (Chrono Boost)  
  15  0:36  Probe (Chrono Boost)  
  15  0:37  Gateway  
  15  0:41  Assimilator  
  16  0:46  Probe (Chrono Boost)  
  18  0:57  Probe (Chrono Boost)  
  18  1:07  Probe (Chrono Boost)  
  19  1:18  Probe (Chrono Boost)  
  20  1:22  Nexus  
  20  1:33  Cybernetics Core  
  20  1:36  Probe (Chrono Boost)  
  21  1:41  Assimilator  
  22  1:47  Probe (Chrono Boost)  
  22  1:51  Pylon  
  22  1:57  Probe (Chrono Boost)  
  23  2:09  Probe (Chrono Boost)  
  23  2:10  Adept (Chrono Boost), Warp Gate  
  23  2:11  Assimilator  
  26  2:21  Probe  
  27  2:34  Mothership Core (Chrono Boost)  
  29  2:38  Probe (Chrono Boost)  
  29  2:40  Adept  
  32  2:48  Probe (Chrono Boost)  
  33  2:52  Probe (Chrono Boost)  
  34  2:59  Probe (Chrono Boost)  
  34  3:03  Probe (Chrono Boost)  
  36  3:06  Twilight Council  
  36  3:09  Probe (Chrono Boost)  
  36  3:10  Pylon  
  37  3:13  Probe (Chrono Boost)  
  38  3:20  Probe (Chrono Boost)  
  38  3:24  Probe (Chrono Boost)  
  38  3:26  Gateway x2  
  40  3:30  Probe (Chrono Boost)  
  41  3:34  Probe (Chrono Boost)  
  41  3:37  Stalker  
  43  3:41  Probe (Chrono Boost)  
  43  3:45  Probe (Chrono Boost)  
  43  3:47  Robotics Facility  
  43  3:48  Blink  
  44  3:51  Probe (Chrono Boost)  
  44  3:54  Pylon  
  46  3:55  Probe (Chrono Boost)  
  46  4:02  Probe (Chrono Boost), Assimilator  
  47  4:06  Probe (Chrono Boost)  
  48  4:13  Probe (Chrono Boost)  
  48  4:16  Probe (Chrono Boost)  
  50  4:24  Probe (Chrono Boost)  
  50  4:27  Probe (Chrono Boost)  
  50  4:30  Gateway x2  
  52  4:34  Gateway  
  52  4:36  Stalker x2, Assimilator  
  52  4:37  Stalker  
  52  4:38  Observer (Chrono Boost)  
  57  4:42  Pylon  
  57  4:57  Warp Prism (Chrono Boost)  
  59  5:00  Stalker x3  
  59  5:02  Probe  
  59  5:05  Pylon  
  66  5:30  Stalker x6  
  66  5:34  Pylon  
  78  5:36  Pylon  
  75  6:01  Stalker x4  
  75  6:02  Stalker  
  85  6:04  Stalker  
  85  6:10  Pylon  
Tags
 
Add a new tag
Caveats
  • Supply blocks, unpowered buildings, or Contaminate may cause inaccurate times.
  • Supply counts are checked every 10 seconds.